 Dungeon Crawl Stone Soup version 0.27.1-4-g1640c2035a (webtiles) character file.

Game seed: 1578763687465195906

30146 Johnny the Fencer (level 13, 0/116 HPs)
             Began as a Human Berserker on Nov 2, 2021.
             Was a High Priest of Trog.
             Slain by a death yak (12 damage)
             ... on level 4 of the Lair of Beasts.
             The game lasted 00:14:59 (12752 turns).

Johnny the Fencer (Human Berserker)                Turns: 12752, Time: 00:15:00

Health: 0/116      AC: 10    Str: 22    XL:     13   Next: 86%
Magic:  13/13      EV: 13    Int:  9    God:    Trog [*****.]
Gold:   1647       SH:  0    Dex: 12    Spells: 12/12 levels left

rFire    . . .     SeeInvis +   O - +6 scimitar (drain)
rCold    . . .     Faith    .   (no shield)
rNeg     . . .     Spirit   .   X - +0 troll leather armour
rPois    .         Reflect  .   t - +1 helmet
rElec    .         Harm     .   w - +0 cloak
rCorr    .         Rampage  .   y - +0 pair of gloves
Will     ++...                  v - +0 pair of boots
Stlth    +.........             g - amulet of regeneration
HPRegen  3.29/turn              l - ring of see invisible
MPRegen  0.13/turn              x - +4 ring of slaying

@: strong-willed, regenerating, studying Fighting
A: no striking features
a: Renounce Religion, Berserk, Trog's Hand, Brothers in Arms


You were on level 4 of the Lair of Beasts.
You worshipped Trog.
Trog was extremely pleased with you.
You visited 2 branches of the dungeon, and saw 16 of its levels.
You also visited: Ossuary.

You collected 1895 gold pieces.
You spent 248 gold pieces at shops.

Inventory:

Hand Weapons
 O - a +6 scimitar of draining (weapon)
 V - a +4 triple sword of flaming
Missiles
 r - 2 throwing nets (quivered)
Armour
 t - a +1 helmet (worn)
 v - a +0 pair of boots (worn)
 w - a +0 cloak (worn)
 y - a +0 pair of gloves (worn)
 E - a +0 scale mail of fire resistance
 X - a +0 troll leather armour (worn)
Jewellery
 e - a ring of protection from cold
 g - an amulet of regeneration (around neck)
 l - a ring of see invisible (left hand)
 x - a +4 ring of slaying (right hand)
 G - an amulet of the acrobat
 Q - the ring "Neibla" {Fly rElec Str+3 Dex-5}
   (You acquired it on level 9 of the Dungeon)

   [ring of flight]

   Str:       It affects your strength (+3).
   Dex:       It affects your dexterity (-5).
   rElec:     It insulates you from electricity.
   Fly:       It grants you flight.
 U - the necklace of Bloodlust {*Rage +Rage Will++ Int-3 Slay+6}
   (You found it on level 9 of the Dungeon)

   [amulet of nothing]

   It extends the wearer's berserk rage when killing foes.
   Int:       It affects your intelligence (-3).
   Slay:      It affects your accuracy & damage with ranged weapons and melee
   (+6).
   +Rage:     It lets you go berserk.
   *Rage:     It may make you go berserk in combat.
   Will:      It greatly increases your willpower.
Wands
 c - a wand of flame (26)
 A - a wand of polymorph (6)
 N - a wand of iceblast (19)
Scrolls
 f - 6 scrolls of fear
 j - 2 scrolls of silence
 m - a scroll of vulnerability
 n - 4 scrolls of amnesia
 p - 6 scrolls of fog
 s - 2 scrolls of immolation
 u - 6 scrolls of teleportation
 z - 3 scrolls of noise
 I - 3 scrolls of blinking
 J - a scroll of holy word
 R - a scroll of enchant armour {unknown}
 S - a scroll of magic mapping {unknown}
Potions
 b - 10 potions of curing
 d - 2 potions of cancellation
 h - 3 potions of degeneration
 k - 3 potions of attraction
 o - 4 potions of heal wounds
 B - 3 potions of brilliance {unknown}
 C - 3 potions of resistance {unknown}
 D - 3 potions of lignification {unknown}
 K - 5 potions of haste
 L - 2 potions of flight {unknown}
 M - a potion of mutation {unknown}
 P - a potion of magic {unknown}
 Z - a potion of might {unknown}
Miscellaneous
 i - a condenser vane
 T - a box of beasts


   Skills:
 + Level 15.5 Fighting
 - Level 16.4 Long Blades
 + Level 5.4 Armour
 + Level 5.4 Dodging


You had 12 spell levels left.
You didn't know any spells.
Your spell library was empty.

Dungeon Overview and Level Annotations

Branches:
Dungeon (10/15)            Temple (0/1) D:5            Lair (6/6) D:10
 Shoals (0/4) Lair:3        Snake (0/4) Lair:4        Slime (0/5) Lair:6
Ossuary (visited)
    Orc: D:9-12

Altars:
Ashenzari
Dithmenos
Fedhas
Gozag
Kikubaaqudgha
Sif Muna
Vehumet
The Shining One
Jiyva

Shops:
D:1 [   D:4 [   D:7 :


Message History

You barely miss the death yak.
The death yak is severely wounded.
The death yak gores you! The death yak misses you.
You hit the death yak. You drain the death yak.
The death yak is almost dead.
The death yak gores you! The death yak closely misses you.
You slash the death yak!
You kill the death yak!
Trog accepts your kill.
You slash the death yak!
The death yak is lightly wounded.
The death yak gores you but does no damage.
You barely miss the death yak.
The death yak is lightly wounded.
The death yak gores you.
You slice the death yak!! You drain the death yak.
The death yak is heavily wounded.
The death yak gores you!!
You are too injured to fight recklessly!
You are too injured to fight recklessly!
You are too injured to fight recklessly!
You are too injured to fight recklessly!
You are too injured to fight recklessly!
You are too injured to fight recklessly!
You are too injured to fight recklessly!
You are too injured to fight recklessly!
You are too injured to fight recklessly!
You are too injured to fight recklessly!
You are too injured to fight recklessly!
You are too injured to fight recklessly!
You are too injured to fight recklessly!
The death yak gores you!!
* * * LOW HITPOINT WARNING * * *
The death yak gores you!!
* * * LOW HITPOINT WARNING * * *
Your skin crawls.
You feel strong-willed.
The death yak gores you but does no damage.
The death yak gores you!
You die...

#............#####.####
P.....†........#...##
....................#
...............#.#.##
#...............####
#...............#
................#
#.............#..#
##..#...@######....#
#######YY# ....#.#
##Y......P.# #
........##. ..........
.. ...........
............
.............
..............


You could see 3 death yaks.

Vanquished Creatures
  Snorg (D:10)
  A fire dragon (D:10)
  Fannar (D:10)
  A hydra (Lair:4)
  A two-headed ogre (D:10)
  4 death yaks
  A wizard (D:9)
  A flayed ghost (D:9)
  Pikel (D:7)
  A cyclops (D:6)
  6 elephants (Lair:1)
  6 black mambas
  Maggie (D:7)
  3 cane toads
  A rime drake (Lair:6)
  4 komodo dragons (Lair:1)
  A troll (D:10)
  3 wyverns
  6 wraiths
  13 fire bats (D:9)
  24 yaks
  4 basilisks
  2 steam dragons
  A naga (Lair:4)
  8 water moccasins
  A hell hound (Lair:6)
  3 orc warriors
  A sky beast (D:6)
  3 ice beasts
  2 hornet zombies
  2 black bears
  4 necrophages
  2 ogres
  9 centaurs
  16 wolves
  A lemure (D:7)
  A phantom (D:5)
  A kobold brigand (D:7)
  9 bullfrogs
  3 scorpions
  A gnoll sergeant (D:10)
  4 wyvern zombies
  A wyvern skeleton (D:7)
  3 water moccasin zombies (Ossuary)
  12 killer bees
  5 wights (D:7)
  4 howler monkeys (D:8)
  A crimson imp (D:9)
  4 bullfrog zombies
  6 centaur zombies
  2 hounds (D:5)
  A centaur skeleton (D:7)
  6 orc priests
  Crazy Yiuf (D:4)
  6 iguanas
  9 orc wizards
  A killer bee zombie (Ossuary)
  A hound skeleton (D:4)
  13 mummies (Ossuary)
  4 howler monkey zombies
  Robin (D:4)
  7 gnolls
  A howler monkey skeleton (D:6)
  7 adders
  An ufetubus (D:5)
  A worm (D:4)
  5 dart slugs
  20 orcs
  9 endoplasms
  6 giant cockroaches
  14 goblins
  10 hobgoblins
  2 jackals (D:4)
  7 quokkas
  10 ball pythons
  57 bats
  3 frilled lizards
  7 kobolds
  9 rats
416 creatures vanquished.

Vanquished Creatures (others)
  2 fungi
  2 plants (Lair:3)
4 creatures vanquished.

Grand Total: 420 creatures vanquished

Notes
Turn   | Place    | Note
-------+----------+-------------------------------------------
     0 | D:1      | Johnny the Human Berserker began the quest for the Orb.
     0 | D:1      | Reached XP level 1. HP: 18/18 MP: 1/1
    75 | D:1      | Found a faded altar of an unknown god.
   106 | D:1      | Reached XP level 2. HP: 24/24 MP: 2/2
   626 | D:1      | Found Edocadus's Antique Armour Shoppe.
   693 | D:1      | Reached XP level 3. HP: 24/29 MP: 3/3
   763 | D:1      | Reached ** piety under Trog
  1338 | D:2      | Reached skill level 4 in Long Blades
  1449 | D:2      | Found a blossoming altar of Fedhas.
  1738 | D:2      | Reached XP level 4. HP: 35/35 MP: 4/4
  3292 | D:4      | Reached XP level 5. HP: 41/42 MP: 5/5
  3311 | D:4      | Noticed Robin
  3329 | D:4      | Killed Robin
  3331 | D:4      | Reached *** piety under Trog
  3421 | D:4      | Reached skill level 5 in Long Blades
  3433 | D:4      | Reached XP level 6. HP: 48/48 MP: 6/6
  3703 | D:4      | Found Acaest's Antique Armour Shoppe.
  3886 | D:4      | Reached skill level 6 in Long Blades
  3933 | D:4      | Found a runed translucent door.
  3934 | D:4      | Noticed Crazy Yiuf
  4311 | D:4      | Killed Crazy Yiuf
  4395 | D:5      | Entered Level 5 of the Dungeon
  4406 | D:5      | Noticed a black bear
  4409 | D:5      | Found a staircase to the Ecumenical Temple.
  4427 | D:5      | Killed a black bear
  4428 | D:5      | Reached XP level 7. HP: 51/55 MP: 7/7
  4484 | D:5      | Reached skill level 5 in Fighting
  4608 | D:5      | Reached skill level 7 in Long Blades
  4693 | D:5      | Reached XP level 8. HP: 44/61 MP: 8/8
  5025 | D:5      | Reached skill level 8 in Long Blades
  5069 | D:5      | Reached **** piety under Trog
  5579 | D:6      | Reached skill level 9 in Long Blades
  5583 | D:6      | Reached XP level 9. HP: 71/71 MP: 9/9
  5655 | D:6      | Noticed a cyclops
  5655 | D:6      | Noticed Edmund
  5664 | D:6      | Noticed Edmund
  5664 | D:6      | Edmund changed into Edmund the bullfrog
  5672 | D:6      | Killed Edmund the bullfrog
  5682 | D:6      | Killed a cyclops
  5683 | D:6      | Reached skill level 10 in Long Blades
  6141 | D:6      | Reached skill level 11 in Long Blades
  6141 | D:6      | Reached XP level 10. HP: 80/80 MP: 10/10
  6404 | D:4      | Bought a glowing scarf for 248 gold pieces
  6602 | D:7      | Found a shadowy altar of Dithmenos.
  6695 | D:7      | Found a sand-covered staircase.
  6699 | Ossuary  | Entered an ossuary
  6981 | Ossuary  | Reached skill level 12 in Long Blades
  7253 | D:7      | Noticed Maggie
  7264 | D:7      | Killed Maggie
  7264 | D:7      | Reached ***** piety under Trog
  7289 | D:7      | Noticed Pikel
  7299 | D:7      | Killed Pikel
  7627 | D:7      | You fall into a shaft and drop 3 floors!
  7627 | D:10     | Entered Level 10 of the Dungeon
  7833 | D:8      | Reached XP level 11. HP: 89/89 MP: 11/11
  8123 | D:8      | Reached skill level 13 in Long Blades
  8145 | D:8      | Reached skill level 10 in Fighting
  8154 | D:8      | Identified a scroll of acquirement
  8157 | D:8      | Acquired a manual of Fighting
  8527 | D:7      | Found Gaikoc's Self-Improvement Boutique.
  8868 | D:9      | Noticed a wizard
  8877 | D:9      | Killed a wizard
  8889 | D:9      | Acquired the ring "Neibla" {Fly rElec Str+3 Dex-5}
  8950 | D:9      | Found a runed translucent door.
  8957 | D:9      | Found a broken altar of Ashenzari.
  8957 | D:9      | Noticed a flayed ghost
  8968 | D:9      | Found the necklace of Bloodlust {*Rage +Rage Will++ Int-3
                  | Slay+6}
  8983 | D:9      | Found a shimmering blue altar of Sif Muna.
  9003 | D:9      | Received a gift from Trog
  9016 | D:9      | Found a glowing golden altar of the Shining One.
  9040 | D:9      | Found an ancient bone altar of Kikubaaqudgha.
  9109 | D:9      | Found an opulent altar of Gozag.
  9141 | D:9      | Found a radiant altar of Vehumet.
  9172 | D:9      | Reached skill level 14 in Long Blades
  9616 | D:9      | Killed a flayed ghost
  9647 | D:9      | Reached XP level 12. HP: 80/101 MP: 12/12
  9921 | D:10     | Found a staircase to the Lair.
  9922 | D:10     | Noticed a fire dragon
  9934 | D:10     | Killed a fire dragon
  9935 | D:10     | Reached skill level 15 in Long Blades
  9977 | D:10     | Noticed Snorg
  9985 | D:10     | Killed Snorg
  9985 | D:10     | Received a gift from Trog
 10103 | D:10     | Noticed a two-headed ogre
 10112 | D:10     | Killed a two-headed ogre
 10206 | D:10     | Noticed Fannar
 10238 | D:10     | Killed Fannar
 10477 | D:10     | Identified the +4 long sword of Armageddon {vorpal, Dex+6}
 10719 | Lair:1   | Entered Level 1 of the Lair of Beasts
 11026 | Lair:1   | Reached skill level 16 in Long Blades
 11097 | Lair:1   | Acquired 780 gold pieces
 11289 | Lair:1   | Reached XP level 13. HP: 104/112 MP: 13/13
 11686 | Lair:2   | You fall into a shaft and drop 1 floor!
 11951 | Lair:3   | Found a staircase to the Shoals.
 12215 | Lair:3   | You fall into a shaft and drop 3 floors!
 12215 | Lair:6   | Entered Level 6 of the Lair of Beasts
 12222 | Lair:6   | Reached skill level 15 in Fighting
 12274 | Lair:6   | Found a viscous altar of Jiyva.
 12277 | Lair:6   | Found a staircase to the Slime Pits.
 12444 | Lair:4   | Noticed a six-headed hydra
 12454 | Lair:4   | Killed an 11-headed hydra
 12455 | Lair:4   | Reached skill level 5 in Armour
 12455 | Lair:4   | Reached skill level 5 in Dodging
 12686 | Lair:4   | Found a staircase to the Snake Pit.
 12752 | Lair:4   | Slain by a death yak

Illustrated notes

Levels and vault maps discovered:
D:1:      dpeg_arrival_prison, layout_loops_corners, serial_shops, shop_coins,
          basic_ecumenical_altar
D:2:      minmay_inner_zag, layout_loops_corners, basic_altar, serial_rivers,
          chequers_serial_rivers_large_a, chequers_serial_rivers_micro_a,
          chequers_serial_rivers_small_3, chequers_serial_rivers_large_b,
          chequers_serial_rivers_micro_d
D:3:      layout_rooms, serial_co_window_serial, co_window_paths_a,
          co_window_of_opportunity_a, co_window_paths_a,
          co_window_of_opportunity_a, co_window_paths_a, co_window_paths_a,
          co_window_of_opportunity_a, co_window_unsneaky_path_a,
          co_window_corner_ca, co_window_corner_b, co_window_broadway_c,
          co_window_corner_b, co_window_paths_c, co_window_2corner,
          co_window_paths_e, glass_columns_b, glass_columns_a, glass_columns_a
D:4:      layout_loops_ring, serial_shops, nicolae_shop_statue_plus,
          uniq_crazy_yiuf_cottage, uniq_robin
D:5:      layout_loops_ring, temple_fountains
D:6:      minmay_opposing_rooms, layout_loops_cross, uniq_edmund
D:7:      layout_basic, mainiacjoe_overflow_brackets, enter_ossuary_5,
          nicolae_shop_self_help, uniq_pikel, uniq_maggie
D:8:      layout_loops_ring
D:9:      due_megacathedral, layout_rooms, minivault_10, lightli_wizard_tower
D:10:     layout_loops_corners, minmay_lair_entry_lava, nicolae_wwwww,
          kennysheep_generic_room_9, uniq_snorg, uniq_fannar
Lair:1:   layout_cave_pods
Lair:2:   layout_chaotic_city, beast_lair_carwin_6, infiniplex_staircase_pool
Lair:3:   layout_regular_city, minmay_shoals_entry_centaurs
Lair:4:   layout_cave_pods, guppyfry_snake_entry_garden, serial_bayou_pond_d
Lair:5:   layout_layer_cave, nicolae_quartered_pool_super, lemuel_oklob_altar,
          grunt_megastairs_5
Lair:6:   cheibrodos_lair_end_hotspot, layout_loops_ring, slime_altar_1,
          wad_woods_02

Skill      XL: |  1  2  3  4  5  6  7  8  9 10 11 12 13 |
---------------+----------------------------------------+-----
Long Blades    | 4 5 6 7 9 11 12 14 16 | 16.4
Fighting       | 4 5 6 8 9 11 13 15 | 15.5
Armour         | 5 |  5.4
Dodging        | 5 |  5.4

Action                   |  1- 3 |  4- 6 |  7- 9 | 10-12 | 13-15 || total
-------------------------+-------+-------+-------+-------+-------++-------
Melee: Falchion          |   165 |   233 |   318 |    48 |       ||   764
       Scimitar          |       |       |       |   606 |   178 ||   784
       Triple sword      |       |       |       |     5 |       ||     5
Throw: Throwing net      |       |     1 |       |       |       ||     1
Invok: Berserk           |       |     5 |     8 |    12 |     4 ||    29
       Trog's Hand       |       |     1 |     2 |     2 |     5 ||    10
Evoke: Wand              |       |       |     1 |     8 |       ||     9
  Use: Scroll            |       |       |       |    16 |     7 ||    23
       Potion            |       |       |       |     1 |     1 ||     2
Armor: Chain mail        |   101 |   156 |   150 |       |       ||   407
       Animal skin       |     3 |       |       |       |       ||     3
       Scale mail        |       |       |    17 |   278 |       ||   295
       Troll leather arm |       |       |       |    27 |    92 ||   119
Dodge: Dodged            |    60 |    97 |   114 |   344 |   148 ||   763
       Rpst.: Falchion   |    20 |    31 |    38 |     5 |       ||    94
       Scimitar          |       |       |       |    90 |    26 ||   116
       Triple sword      |       |       |       |     5 |       ||     5
